Workbook
Name ÁREA_CONSTRUIDA: 'PLANILHA ORÇAMENTÁRIA'!$N$3
Name ÁREA_CONSTRUIDA_BARRA: #REF!
Name ÁREA_CONSTRUIDA_NI: #REF!
Name ÁREA_CONSTRUIDA_REF: #REF!
Name DT_CT_ENC_PREDIAL: '[1]CONT PAG PREDIAL'!$M$14
Name DT_CT_PREDIAL: '[1]CONT PAG PREDIAL'!$H$14
Name PERCENT_REAL_PREDIAL: '[1]CONT PAG PREDIAL'!$M$29
Name PRAZO_DE_OBRA: 'PLANILHA ORÇAMENTÁRIA'!$N$4
Name Qtd_MO_PREDIAL: '[1]PAINEL CONTRATOS'!$H$25
Name TOTAL_PAGO_PREDIAL: '[1]CONT PAG PREDIAL'!$M$28
Name VLR_CT_PREDIAL: '[1]CONT PAG PREDIAL'!$M$19

Sheet PLANILHA ORÇAMENTÁRIA
E1: PLANILHA ORÇAMENTÁRIA OBRAS E REFORMAS DE UNIDADES
E3: FORNECEDOR | J3: VALOR MÁXIMO | M3: ÁREA CONSTRUÍDA (m²) | N3: 1150.02
E4: RESPONSÁVEL TÉCNICO | M4: PRAZO DE OBRA (em dias corridos) | N4: 105
E5: CREA / CAU
E6: DATA
E8: UNIDADE SEBRAE | F8: ESCOLA SEBRAE DE NEGÓCIOS
E9: ENDEREÇO | F9: {=IFERROR(_xlfn.IFS(F8=AUXILIAR!B1,AUXILIAR!D1,F8=AUXILIAR!B2,AUXILIAR!D2,F8=AUXILIAR!B3,AUXILIAR!D3),"")} -> AV. MARECHAL CÂMARA, 171 - 2º ANDAR - CENTRO
A11: FILT. | B11: IND. | C11: Coluna1 | D11: . | E11: ITEM | F11: ESCOPO - DESCRITIVO | G11: ETAPA | H11: QUANT | I11: UNID | J11: VALOR UNIT MÁX. | K11: VALOR TOTAL MÁX.
A12: {=_xlfn.IFS(B12<1,"",B12<=2,1,B12<=4,2,B12<=8,3)} -> 1 | B12: =LEN('PLANILHA ORÇAMENTÁRIA'!$E12) -> 1 | C12: =IF(Tabela6[[#This Row],[QUANT]]="x","x","") | E12: 1 | F12: SERVIÇOS PRELIMINARES | H12: =IF(SUM(H13:H34)=0,"x","") | K12: =SUMIF($A$12:$A$34,"2",K12:K34) -> 305406.29
A13: {=_xlfn.IFS(B13<1,"",B13<=2,1,B13<=4,2,B13<=8,3)} -> 2 | B13: =LEN('PLANILHA ORÇAMENTÁRIA'!$E13) -> 3 | C13: =IF(Tabela6[[#This Row],[QUANT]]="x","x","") | E13: 1.1 | F13: DOCUMENTAÇÃO E TAXAS | H13: =IF(SUM(H14:H19)=0,"x","") | K13: =SUMIF($A$14:$A$19,"3",K14:K19) -> 31340.83
A14: {=_xlfn.IFS(B14<1,"",B14<=2,1,B14<=4,2,B14<=8,3)} -> 3 | B14: =LEN('PLANILHA ORÇAMENTÁRIA'!$E14) -> 5 | C14: =IF(AND(Tabela6[[#This Row],[IND.]]>=5,Tabela6[[#This Row],[QUANT]]=0),"X","") | E14: 1.1.1 | F14: PLACA DE OBRA | G14: ETAPA ÚNICA | H14: 1 | I14: UN | J14: 868.73 | K14: 868.73
A15: {=_xlfn.IFS(B15<1,"",B15<=2,1,B15<=4,2,B15<=8,3)} -> 3 | B15: =LEN('PLANILHA ORÇAMENTÁRIA'!$E15) -> 5 | C15: =IF(AND(Tabela6[[#This Row],[IND.]]>=5,Tabela6[[#This Row],[QUANT]]=0),"X","") | E15: 1.1.2 | F15: ART - ATESTADO DE RESPONSABILIDADE TÉCNICA | G15: ETAPA ÚNICA | H15: 1 | I15: VB | J15: 638.5 | K15: 638.5
A16: {=_xlfn.IFS(B16<1,"",B16<=2,1,B16<=4,2,B16<=8,3)} -> 3 | B16: =LEN('PLANILHA ORÇAMENTÁRIA'!$E16) -> 5 | C16: =IF(AND(Tabela6[[#This Row],[IND.]]>=5,Tabela6[[#This Row],[QUANT]]=0),"X","") | E16: 1.1.3 | F16: SEGURO DE OBRA | G16: ETAPA ÚNICA | H16: 1 | I16: VB | J16: 17980.4 | K16: 17980.4
A17: {=_xlfn.IFS(B17<1,"",B17<=2,1,B17<=4,2,B17<=8,3)} -> 3 | B17: =LEN('PLANILHA ORÇAMENTÁRIA'!$E17) -> 5 | C17: =IF(AND(Tabela6[[#This Row],[IND.]]>=5,Tabela6[[#This Row],[QUANT]]=0),"X","") | E17: 1.1.4 | F17: APROVAÇÃO DE PROJETO DE CORPO DE BOMBEIROS | G17: ETAPA ÚNICA | H17: 1 | I17: VB | J17: 6938 | K17: 6938
A18: {=_xlfn.IFS(B18<1,"",B18<=2,1,B18<=4,2,B18<=8,3)} -> 3 | B18: =LEN('PLANILHA ORÇAMENTÁRIA'!$E18) -> 5 | C18: =IF(AND(Tabela6[[#This Row],[IND.]]>=5,Tabela6[[#This Row],[QUANT]]=0),"X","") -> X | E18: 1.1.5 | F18: APROVAÇÃO DE PROJETO JUNTO AO CONDOMÍNIO LOCAL | G18: ETAPA ÚNICA | I18: VB | J18: 0 | K18: 0
A19: {=_xlfn.IFS(B19<1,"",B19<=2,1,B19<=4,2,B19<=8,3)} -> 3 | B19: =LEN('PLANILHA ORÇAMENTÁRIA'!$E19) -> 5 | C19: =IF(AND(Tabela6[[#This Row],[IND.]]>=5,Tabela6[[#This Row],[QUANT]]=0),"X","") | E19: 1.1.5 | F19: APROVAÇÃO DE PROJETO NO GEM | G19: ETAPA ÚNICA | H19: 1 | I19: VB | J19: 4915.2 | K19: 4915.2
A20: {=_xlfn.IFS(B20<1,"",B20<=2,1,B20<=4,2,B20<=8,3)} -> 2 | B20: =LEN('PLANILHA ORÇAMENTÁRIA'!$E20) -> 3 | C20: =IF(Tabela6[[#This Row],[QUANT]]="x","x","") | E20: 1.2 | F20: INSTALAÇÕES PROVISÓRIAS | H20: =IF(SUM(H21:H25)=0,"x","") | K20: =SUMIF($A$21:$A$25,"3",K21:K25) -> 21417.568
A21: {=_xlfn.IFS(B21<1,"",B21<=2,1,B21<=4,2,B21<=8,3)} -> 3 | B21: =LEN('PLANILHA ORÇAMENTÁRIA'!$E21) -> 5 | C21: =IF(AND(Tabela6[[#This Row],[IND.]]>=5,Tabela6[[#This Row],[QUANT]]=0),"X","") | E21: 1.2.1 | F21: IMPLANTAÇÃO DE CANTEIRO / ESCRITÓRIO DE OBRA | G21: ETAPA ÚNICA | H21: =ÁREA_CONSTRUIDA -> 1150.02 | I21: M2 | J21: 16.38 | K21: 18837.328
A22: {=_xlfn.IFS(B22<1,"",B22<=2,1,B22<=4,2,B22<=8,3)} -> 3 | B22: =LEN('PLANILHA ORÇAMENTÁRIA'!$E22) -> 5 | C22: =IF(AND(Tabela6[[#This Row],[IND.]]>=5,Tabela6[[#This Row],[QUANT]]=0),"X","") -> X | E22: 1.2.2 | F22: INSTALAÇÕES ELÉTRICAS PROVISÓRIAS | G22: ETAPA ÚNICA | I22: M2 | J22: 0 | K22: 0
A23: {=_xlfn.IFS(B23<1,"",B23<=2,1,B23<=4,2,B23<=8,3)} -> 3 | B23: =LEN('PLANILHA ORÇAMENTÁRIA'!$E23) -> 5 | C23: =IF(AND(Tabela6[[#This Row],[IND.]]>=5,Tabela6[[#This Row],[QUANT]]=0),"X","") -> X | E23: 1.2.3 | F23: INSTALAÇÕES HIDROSSANITÁRIAS PROVISÓRIAS | G23: ETAPA ÚNICA | I23: M2 | J23: 0 | K23: 0
A24: {=_xlfn.IFS(B24<1,"",B24<=2,1,B24<=4,2,B24<=8,3)} -> 3 | B24: =LEN('PLANILHA ORÇAMENTÁRIA'!$E24) -> 5 | C24: =IF(AND(Tabela6[[#This Row],[IND.]]>=5,Tabela6[[#This Row],[QUANT]]=0),"X","") | E24: 1.2.4 | F24: EQUIPAMENTOS DE SUPORTE (FILTRO, GELADEIRA, MICROONDAS, ETC) | G24: ETAPA ÚNICA | H24: 1 | I24: VB | J24: 1250.07 | K24: 1250.07
A25: {=_xlfn.IFS(B25<1,"",B25<=2,1,B25<=4,2,B25<=8,3)} -> 3 | B25: =LEN('PLANILHA ORÇAMENTÁRIA'!$E25) -> 5 | C25: =IF(AND(Tabela6[[#This Row],[IND.]]>=5,Tabela6[[#This Row],[QUANT]]=0),"X","") | E25: 1.2.5 | F25: MOBILIÁRIO PROVISÓRIO (MESA E CADEIRA) | G25: ETAPA ÚNICA | H25: 1 | I25: VB | J25: 1330.17 | K25: 1330.17
A26: {=_xlfn.IFS(B26<1,"",B26<=2,1,B26<=4,2,B26<=8,3)} -> 2 | B26: =LEN('PLANILHA ORÇAMENTÁRIA'!$E26) -> 3 | C26: =IF(Tabela6[[#This Row],[QUANT]]="x","x","") | E26: 1.3 | F26: ELABORAÇÃO DE PROJETOS EXECUTIVOS | H26: =IF(SUM(H27:H34)=0,"x","") | K26: =SUMIF($A$27:$A$34,"3",K27:K34) -> 252647.89
A27: {=_xlfn.IFS(B27<1,"",B27<=2,1,B27<=4,2,B27<=8,3)} -> 3 | B27: =LEN('PLANILHA ORÇAMENTÁRIA'!$E27) -> 5 | C27: =IF(AND(Tabela6[[#This Row],[IND.]]>=5,Tabela6[[#This Row],[QUANT]]=0),"X","") | E27: 1.3.1 | F27: PROJETO EXECUTIVO DE ARQUITETURA | G27: ETAPA ÚNICA | H27: =ÁREA_CONSTRUIDA -> 1150.02 | I27: M2 | J27: 44.38 | K27: 51037.888
A28: {=_xlfn.IFS(B28<1,"",B28<=2,1,B28<=4,2,B28<=8,3)} -> 3 | B28: =LEN('PLANILHA ORÇAMENTÁRIA'!$E28) -> 5 | C28: =IF(AND(Tabela6[[#This Row],[IND.]]>=5,Tabela6[[#This Row],[QUANT]]=0),"X","") | E28: 1.3.2 | F28: PROJETO EXECUTIVO DE INSTALAÇÕES ELÉTRICAS | G28: ETAPA ÚNICA | H28: =ÁREA_CONSTRUIDA -> 1150.02 | I28: M2 | J28: 23.72 | K28: 27278.474
A29: {=_xlfn.IFS(B29<1,"",B29<=2,1,B29<=4,2,B29<=8,3)} -> 3 | B29: =LEN('PLANILHA ORÇAMENTÁRIA'!$E29) -> 5 | C29: =IF(AND(Tabela6[[#This Row],[IND.]]>=5,Tabela6[[#This Row],[QUANT]]=0),"X","") | E29: 1.3.3 | F29: PROJETO EXECUTIVO DE INSTALAÇÕES HIDROSSANITÁRIAS | G29: ETAPA ÚNICA | H29: =ÁREA_CONSTRUIDA -> 1150.02 | I29: M2 | J29: 24.32 | K29: 27968.486
A30: {=_xlfn.IFS(B30<1,"",B30<=2,1,B30<=4,2,B30<=8,3)} -> 3 | B30: =LEN('PLANILHA ORÇAMENTÁRIA'!$E30) -> 5 | C30: =IF(AND(Tabela6[[#This Row],[IND.]]>=5,Tabela6[[#This Row],[QUANT]]=0),"X","") | E30: 1.3.4 | F30: PROJETO EXECUTIVO DE INSTALAÇÕES DE DADOS E VOZ | G30: ETAPA ÚNICA | H30: =ÁREA_CONSTRUIDA -> 1150.02 | I30: M2 | J30: 19.65 | K30: 22597.893
A31: {=_xlfn.IFS(B31<1,"",B31<=2,1,B31<=4,2,B31<=8,3)} -> 3 | B31: =LEN('PLANILHA ORÇAMENTÁRIA'!$E31) -> 5 | C31: =IF(AND(Tabela6[[#This Row],[IND.]]>=5,Tabela6[[#This Row],[QUANT]]=0),"X","") | E31: 1.3.5 | F31: PROJETO EXECUTIVO DE INSTALAÇÕES DE AR CONDICIONADO E EXAUSTÃO | G31: ETAPA ÚNICA | H31: =ÁREA_CONSTRUIDA -> 1150.02 | I31: M2 | J31: 28.46 | K31: 32729.569
A32: {=_xlfn.IFS(B32<1,"",B32<=2,1,B32<=4,2,B32<=8,3)} -> 3 | B32: =LEN('PLANILHA ORÇAMENTÁRIA'!$E32) -> 5 | C32: =IF(AND(Tabela6[[#This Row],[IND.]]>=5,Tabela6[[#This Row],[QUANT]]=0),"X","") | E32: 1.3.6 | F32: PROJETO EXECUTIVO DE INSTALAÇÕES DE CFTV | G32: ETAPA ÚNICA | H32: =ÁREA_CONSTRUIDA -> 1150.02 | I32: M2 | J32: 19.03 | K32: 21884.881
A33: {=_xlfn.IFS(B33<1,"",B33<=2,1,B33<=4,2,B33<=8,3)} -> 3 | B33: =LEN('PLANILHA ORÇAMENTÁRIA'!$E33) -> 5 | C33: =IF(AND(Tabela6[[#This Row],[IND.]]>=5,Tabela6[[#This Row],[QUANT]]=0),"X","") | E33: 1.3.7 | F33: PROJETO EXECUTIVO DE INSTALAÇÕES DE DETECÇÃO | G33: ETAPA ÚNICA | H33: =ÁREA_CONSTRUIDA -> 1150.02 | I33: M2 | J33: 26.23 | K33: 30165.025
A34: {=_xlfn.IFS(B34<1,"",B34<=2,1,B34<=4,2,B34<=8,3)} -> 3 | B34: =LEN('PLANILHA ORÇAMENTÁRIA'!$E34) -> 5 | C34: =IF(AND(Tabela6[[#This Row],[IND.]]>=5,Tabela6[[#This Row],[QUANT]]=0),"X","") | E34: 1.3.8 | F34: PROJETO EXECUTIVO DE INSTALAÇÕES DE PROTEÇÃO E COMBATE AO INCÊNDIO | G34: ETAPA ÚNICA | H34: =ÁREA_CONSTRUIDA -> 1150.02 | I34: M2 | J34: 33.9 | K34: 38985.678
A35: {=_xlfn.IFS(B35<1,"",B35<=2,1,B35<=4,2,B35<=8,3)} -> 1 | B35: =LEN('PLANILHA ORÇAMENTÁRIA'!$E35) -> 1 | C35: =IF(Tabela6[[#This Row],[QUANT]]="x","x","") | E35: 2 | F35: ADMINISTRATIVO | H35: =IF(SUM(H36:H56)=0,"x","") | K35: =SUMIF($A$35:$A$56,"2",K35:K56) -> 194730.84
A36: {=_xlfn.IFS(B36<1,"",B36<=2,1,B36<=4,2,B36<=8,3)} -> 2 | B36: =LEN('PLANILHA ORÇAMENTÁRIA'!$E36) -> 3 | C36: =IF(Tabela6[[#This Row],[QUANT]]="x","x","") | E36: 2.1 | F36: EQUIPE TÉCNICA | H36: =IF(SUM(H37:H39)=0,"x","") | K36: =SUMIF($A$37:$A$39,"3",K37:K39) -> 73962.4
A37: {=_xlfn.IFS(B37<1,"",B37<=2,1,B37<=4,2,B37<=8,3)} -> 3 | B37: =LEN('PLANILHA ORÇAMENTÁRIA'!$E37) -> 5 | C37: =IF(AND(Tabela6[[#This Row],[IND.]]>=5,Tabela6[[#This Row],[QUANT]]=0),"X","") | E37: 2.1.1 | F37: ENCARREGADO DE OBRA | G37: ETAPA ÚNICA | H37: =ROUNDUP(((PRAZO_DE_OBRA-30)/7)*44,0) -> 472 | I37: HORAS | J37: 39.64 | K37: 18710.08
A38: {=_xlfn.IFS(B38<1,"",B38<=2,1,B38<=4,2,B38<=8,3)} -> 3 | B38: =LEN('PLANILHA ORÇAMENTÁRIA'!$E38) -> 5 | C38: =IF(AND(Tabela6[[#This Row],[IND.]]>=5,Tabela6[[#This Row],[QUANT]]=0),"X","") | E38: 2.1.2 | F38: ENGENHEIRO / ARQUITETO RESIDENTE | G38: ETAPA ÚNICA | H38: =ROUNDUP(((PRAZO_DE_OBRA-30)/7)*44,0) -> 472 | I38: HORAS | J38: 86.25 | K38: 40710
A39: {=_xlfn.IFS(B39<1,"",B39<=2,1,B39<=4,2,B39<=8,3)} -> 3 | B39: =LEN('PLANILHA ORÇAMENTÁRIA'!$E39) -> 5 | C39: =IF(AND(Tabela6[[#This Row],[IND.]]>=5,Tabela6[[#This Row],[QUANT]]=0),"X","") | E39: 2.1.3 | F39: TÉCNICO DE SEGURANÇA DO TRABALHO | G39: ETAPA ÚNICA | H39: =ROUNDUP(((PRAZO_DE_OBRA-30)/7)*44,0) -> 472 | I39: HORAS | J39: 30.81 | K39: 14542.32
A40: {=_xlfn.IFS(B40<1,"",B40<=2,1,B40<=4,2,B40<=8,3)} -> 2 | B40: =LEN('PLANILHA ORÇAMENTÁRIA'!$E40) -> 3 | C40: =IF(Tabela6[[#This Row],[QUANT]]="x","x","") | E40: 2.2 | F40: ADMINISTRAÇÃO DE OBRA | H40: =IF(SUM(H41:H43)=0,"x","") | K40: =SUMIF($A$41:$A$43,"3",K41:K43) -> 83700.645
A41: {=_xlfn.IFS(B41<1,"",B41<=2,1,B41<=4,2,B41<=8,3)} -> 3 | B41: =LEN('PLANILHA ORÇAMENTÁRIA'!$E41) -> 5 | C41: =IF(AND(Tabela6[[#This Row],[IND.]]>=5,Tabela6[[#This Row],[QUANT]]=0),"X","") | E41: 2.2.1 | F41: EPI | G41: ETAPA ÚNICA | H41: 1 | I41: VB | J41: 4105.4 | K41: 4105.4
A42: {=_xlfn.IFS(B42<1,"",B42<=2,1,B42<=4,2,B42<=8,3)} -> 3 | B42: =LEN('PLANILHA ORÇAMENTÁRIA'!$E42) -> 5 | C42: =IF(AND(Tabela6[[#This Row],[IND.]]>=5,Tabela6[[#This Row],[QUANT]]=0),"X","") | E42: 2.2.2 | F42: DOCUMENTAÇÃO DE EQUIPE TÉCNICA | G42: ETAPA ÚNICA | H42: 1 | I42: VB | J42: 2233.4 | K42: 2233.4
A43: {=_xlfn.IFS(B43<1,"",B43<=2,1,B43<=4,2,B43<=8,3)} -> 3 | B43: =LEN('PLANILHA ORÇAMENTÁRIA'!$E43) -> 5 | C43: =IF(AND(Tabela6[[#This Row],[IND.]]>=5,Tabela6[[#This Row],[QUANT]]=0),"X","") | E43: 2.2.3 | F43: CUSTO FIXO CANTEIRO DE OBRA | G43: ETAPA ÚNICA | H43: =ÁREA_CONSTRUIDA -> 1150.02 | I43: M2 | J43: 67.27 | K43: 77361.845
A44: {=_xlfn.IFS(B44<1,"",B44<=2,1,B44<=4,2,B44<=8,3)} -> 2 | B44: =LEN('PLANILHA ORÇAMENTÁRIA'!$E44) -> 3 | C44: =IF(Tabela6[[#This Row],[QUANT]]="x","x","") | E44: 2.3 | F44: EQUIPAMENTOS E FERRAMENTAS | H44: =IF(SUM(H45:H46)=0,"x","") | K44: =SUMIF($A$45:$A$46,"3",K45:K46) -> 6990.24
A45: {=_xlfn.IFS(B45<1,"",B45<=2,1,B45<=4,2,B45<=8,3)} -> 3 | B45: =LEN('PLANILHA ORÇAMENTÁRIA'!$E45) -> 5 | C45: =IF(AND(Tabela6[[#This Row],[IND.]]>=5,Tabela6[[#This Row],[QUANT]]=0),"X","") | E45: 2.3.1 | F45: ESCADAS E ANDAIMES | G45: ETAPA ÚNICA | H45: 1 | I45: VB | J45: 4371.77 | K45: 4371.77
A46: {=_xlfn.IFS(B46<1,"",B46<=2,1,B46<=4,2,B46<=8,3)} -> 3 | B46: =LEN('PLANILHA ORÇAMENTÁRIA'!$E46) -> 5 | C46: =IF(AND(Tabela6[[#This Row],[IND.]]>=5,Tabela6[[#This Row],[QUANT]]=0),"X","") | E46: 2.3.2 | F46: EQUIPAMENTOS E FERRAMENTAS | G46: ETAPA ÚNICA | H46: 1 | I46: VB | J46: 2618.47 | K46: 2618.47
A47: {=_xlfn.IFS(B47<1,"",B47<=2,1,B47<=4,2,B47<=8,3)} -> 2 | B47: =LEN('PLANILHA ORÇAMENTÁRIA'!$E47) -> 3 | C47: =IF(Tabela6[[#This Row],[QUANT]]="x","x","") | E47: 2.4 | F47: LIMPEZA E MANUTENÇÃO DE CANTEIRO DE OBRAS | H47: =IF(SUM(H48:H52)=0,"x","") | K47: =SUMIF($A$48:$A$52,"3",K48:K52) -> 27577.505
A48: {=_xlfn.IFS(B48<1,"",B48<=2,1,B48<=4,2,B48<=8,3)} -> 3 | B48: =LEN('PLANILHA ORÇAMENTÁRIA'!$E48) -> 5 | C48: =IF(AND(Tabela6[[#This Row],[IND.]]>=5,Tabela6[[#This Row],[QUANT]]=0),"X","") | E48: 2.4.1 | F48: RETIRADA DE ENTULHO | G48: ETAPA ÚNICA | H48: =$H$49*5 -> 75 | I48: M3 | J48: 42.57 | K48: 3192.75
A49: {=_xlfn.IFS(B49<1,"",B49<=2,1,B49<=4,2,B49<=8,3)} -> 3 | B49: =LEN('PLANILHA ORÇAMENTÁRIA'!$E49) -> 5 | C49: =IF(AND(Tabela6[[#This Row],[IND.]]>=5,Tabela6[[#This Row],[QUANT]]=0),"X","") | E49: 2.4.2 | F49: CAÇAMBA ESTACIONARIA | G49: ETAPA ÚNICA | H49: =ROUNDUP(PRAZO_DE_OBRA/7,0) -> 15 | I49: UN | J49: 432.67 | K49: 6490.05
A50: {=_xlfn.IFS(B50<1,"",B50<=2,1,B50<=4,2,B50<=8,3)} -> 3 | B50: =LEN('PLANILHA ORÇAMENTÁRIA'!$E50) -> 5 | C50: =IF(AND(Tabela6[[#This Row],[IND.]]>=5,Tabela6[[#This Row],[QUANT]]=0),"X","") | E50: 2.4.3 | F50: TRANSPORTE HORIZONTAL DE ENTULHO | G50: ETAPA ÚNICA | H50: =$H$49*5 -> 75 | I50: M3 | J50: 40.56 | K50: 3042
A51: {=_xlfn.IFS(B51<1,"",B51<=2,1,B51<=4,2,B51<=8,3)} -> 3 | B51: =LEN('PLANILHA ORÇAMENTÁRIA'!$E51) -> 5 | C51: =IF(AND(Tabela6[[#This Row],[IND.]]>=5,Tabela6[[#This Row],[QUANT]]=0),"X","") | E51: 2.4.4 | F51: TRANSPORTE VERTICAL DE ENTULHO | G51: ETAPA ÚNICA | H51: =$H$49*5 -> 75 | I51: M3 | J51: 40.56 | K51: 3042
A52: {=_xlfn.IFS(B52<1,"",B52<=2,1,B52<=4,2,B52<=8,3)} -> 3 | B52: =LEN('PLANILHA ORÇAMENTÁRIA'!$E52) -> 5 | C52: =IF(AND(Tabela6[[#This Row],[IND.]]>=5,Tabela6[[#This Row],[QUANT]]=0),"X","") | E52: 2.4.4 | F52: LIMPEZA PERMANENTE DE OBRA | G52: ETAPA ÚNICA | H52: =ÁREA_CONSTRUIDA -> 1150.02 | I52: M2 | J52: 10.27 | K52: 11810.705
A53: {=_xlfn.IFS(B53<1,"",B53<=2,1,B53<=4,2,B53<=8,3)} -> 2 | B53: =LEN('PLANILHA ORÇAMENTÁRIA'!$E53) -> 3 | C53: =IF(Tabela6[[#This Row],[QUANT]]="x","x","") | E53: 2.5 | F53: MATERIAL PARA PROTEÇÃO | H53: =IF(SUM(H54:H56)=0,"x","") | K53: =SUMIF($A$54:$A$56,"3",K54:K56) -> 2500.0444
A54: {=_xlfn.IFS(B54<1,"",B54<=2,1,B54<=4,2,B54<=8,3)} -> 3 | B54: =LEN('PLANILHA ORÇAMENTÁRIA'!$E54) -> 5 | C54: =IF(AND(Tabela6[[#This Row],[IND.]]>=5,Tabela6[[#This Row],[QUANT]]=0),"X","") -> X | E54: 2.5.1 | F54: PROTEÇÃO DE ÁREA COMUM AO CONDOMÍNIO | G54: ETAPA ÚNICA | I54: M2 | J54: 0 | K54: 0
A55: {=_xlfn.IFS(B55<1,"",B55<=2,1,B55<=4,2,B55<=8,3)} -> 3 | B55: =LEN('PLANILHA ORÇAMENTÁRIA'!$E55) -> 5 | C55: =IF(AND(Tabela6[[#This Row],[IND.]]>=5,Tabela6[[#This Row],[QUANT]]=0),"X","") | E55: 2.5.2 | F55: PROTEÇÃO DE SUPERFÍCIES REVESTIDAS NO CANTEIRO DE OBRA (PISO E/OU PAREDE) | G55: ETAPA ÚNICA | H55: 197.32 | I55: M2 | J55: 12.67 | K55: 2500.0444
A56: {=_xlfn.IFS(B56<1,"",B56<=2,1,B56<=4,2,B56<=8,3)} -> 3 | B56: =LEN('PLANILHA ORÇAMENTÁRIA'!$E56) -> 5 | C56: =IF(AND(Tabela6[[#This Row],[IND.]]>=5,Tabela6[[#This Row],[QUANT]]=0),"X","") -> X | E56: 2.5.3 | F56: TAPUME PERIMETRAL QUANDO APLICÁVEL | G56: ETAPA ÚNICA | I56: M | J56: 0 | K56: 0
A57: {=_xlfn.IFS(B57<1,"",B57<=2,1,B57<=4,2,B57<=8,3)} -> 1 | B57: =LEN('PLANILHA ORÇAMENTÁRIA'!$E57) -> 1 | C57: =IF(Tabela6[[#This Row],[QUANT]]="x","x","") | E57: 3 | F57: DEMOLIÇÃO | H57: =IF(SUM(H58:H111)=0,"x","") | K57: =SUMIF($A$58:$A$111,"2",K58:K111) -> 89253.87
A58: {=_xlfn.IFS(B58<1,"",B58<=2,1,B58<=4,2,B58<=8,3)} -> 2 | B58: =LEN('PLANILHA ORÇAMENTÁRIA'!$E58) -> 3 | C58: =IF(Tabela6[[#This Row],[QUANT]]="x","x","") | E58: 3.1 | F58: DEMOLIÇÃO - CIVIL | H58: =IF(SUM(H59:H77)=0,"x","") | K58: =SUMIF($A$59:$A$77,"3",K59:K77) -> 42003.193
A59: {=_xlfn.IFS(B59<1,"",B59<=2,1,B59<=4,2,B59<=8,3)} -> 3 | B59: =LEN('PLANILHA ORÇAMENTÁRIA'!$E59) -> 5 | C59: =IF(AND(Tabela6[[#This Row],[IND.]]>=5,Tabela6[[#This Row],[QUANT]]=0),"X","") -> X | E59: 3.1.1 | F59: PISO - DEMOLIÇÃO DE CONTRAPISO | G59: ETAPA ÚNICA | I59: M2 | J59: 0 | K59: 0
A60: {=_xlfn.IFS(B60<1,"",B60<=2,1,B60<=4,2,B60<=8,3)} -> 3 | B60: =LEN('PLANILHA ORÇAMENTÁRIA'!$E60) -> 5 | C60: =IF(AND(Tabela6[[#This Row],[IND.]]>=5,Tabela6[[#This Row],[QUANT]]=0),"X","") | E60: 3.1.2 | F60: PISO - DEMOLIÇÃO DE PISO VINÍLICO, LAMINADO OU CARPETE | G60: ETAPA ÚNICA | H60: =91.54+685.65 -> 777.19 | I60: M2 | J60: 18.3 | K60: 14222.577
A61: {=_xlfn.IFS(B61<1,"",B61<=2,1,B61<=4,2,B61<=8,3)} -> 3 | B61: =LEN('PLANILHA ORÇAMENTÁRIA'!$E61) -> 5 | C61: =IF(AND(Tabela6[[#This Row],[IND.]]>=5,Tabela6[[#This Row],[QUANT]]=0),"X","") -> X | E61: 3.1.3 | F61: PISO - DEMOLIÇÃO DE REVESTIMENTO CERÂMICOS / PORCELANATO | G61: ETAPA ÚNICA | I61: M2 | J61: 0 | K61: 0
A62: {=_xlfn.IFS(B62<1,"",B62<=2,1,B62<=4,2,B62<=8,3)} -> 3 | B62: =LEN('PLANILHA ORÇAMENTÁRIA'!$E62) -> 5 | C62: =IF(AND(Tabela6[[#This Row],[IND.]]>=5,Tabela6[[#This Row],[QUANT]]=0),"X","") -> X | E62: 3.1.4 | F62: PISO - DEMOLIÇÃO DE REVESTIMENTO EM MARCENARIA (TÁBUA CORRIDA, TACO, ETC) | G62: ETAPA ÚNICA | I62: M2 | J62: 0 | K62: 0
A63: {=_xlfn.IFS(B63<1,"",B63<=2,1,B63<=4,2,B63<=8,3)} -> 3 | B63: =LEN('PLANILHA ORÇAMENTÁRIA'!$E63) -> 5 | C63: =IF(AND(Tabela6[[#This Row],[IND.]]>=5,Tabela6[[#This Row],[QUANT]]=0),"X","") -> X | E63: 3.1.5 | F63: PISO - DEMOLIÇÃO DE PISO ELEVADO | G63: ETAPA ÚNICA | I63: M2 | J63: 0 | K63: 0
A64: {=_xlfn.IFS(B64<1,"",B64<=2,1,B64<=4,2,B64<=8,3)} -> 3 | B64: =LEN('PLANILHA ORÇAMENTÁRIA'!$E64) -> 5 | C64: =IF(AND(Tabela6[[#This Row],[IND.]]>=5,Tabela6[[#This Row],[QUANT]]=0),"X","") -> X | E64: 3.1.6 | F64: PAREDE - DEMOLIÇÃO DE ALVENARIA EM TIJOLO OU BLOCO CERÂMICO | G64: ETAPA ÚNICA | I64: M2 | J64: 0 | K64: 0
A65: {=_xlfn.IFS(B65<1,"",B65<=2,1,B65<=4,2,B65<=8,3)} -> 3 | B65: =LEN('PLANILHA ORÇAMENTÁRIA'!$E65) -> 5 | C65: =IF(AND(Tabela6[[#This Row],[IND.]]>=5,Tabela6[[#This Row],[QUANT]]=0),"X","") -> X | E65: 3.1.7 | F65: PAREDE - DEMOLIÇÃO DE ALVENARIA EM BLOCO DE CONCRETO | G65: ETAPA ÚNICA | I65: M2 | J65: 0 | K65: 0
A66: {=_xlfn.IFS(B66<1,"",B66<=2,1,B66<=4,2,B66<=8,3)} -> 3 | B66: =LEN('PLANILHA ORÇAMENTÁRIA'!$E66) -> 5 | C66: =IF(AND(Tabela6[[#This Row],[IND.]]>=5,Tabela6[[#This Row],[QUANT]]=0),"X","") | E66: 3.1.8 | F66: PAREDE - DEMOLIÇÃO DE PAREDE EM DRYWALL | G66: ETAPA ÚNICA | H66: =15.87+89.46+5.76+7.24 -> 118.33 | I66: M2 | J66: 29.7 | K66: 3514.401
A67: {=_xlfn.IFS(B67<1,"",B67<=2,1,B67<=4,2,B67<=8,3)} -> 3 | B67: =LEN('PLANILHA ORÇAMENTÁRIA'!$E67) -> 5 | C67: =IF(AND(Tabela6[[#This Row],[IND.]]>=5,Tabela6[[#This Row],[QUANT]]=0),"X","") -> X | E67: 3.1.9 | F67: PAREDE - DEMOLIÇÃO DE PAREDE EM DIVISÓRIA TIPO EUCATEX | G67: ETAPA ÚNICA | I67: M2 | J67: 0 | K67: 0
A68: {=_xlfn.IFS(B68<1,"",B68<=2,1,B68<=4,2,B68<=8,3)} -> 3 | B68: =LEN('PLANILHA ORÇAMENTÁRIA'!$E68) -> 6 | C68: =IF(AND(Tabela6[[#This Row],[IND.]]>=5,Tabela6[[#This Row],[QUANT]]=0),"X","") | E68: 3.1.10 | F68: PAREDE - DEMOLIÇÃO DE PAREDE EM DIVISÓRIA INDUSTRIAL | G68: ETAPA ÚNICA | H68: 50.74 | I68: M2 | J68: 56.78 | K68: 2881.0172
A69: {=_xlfn.IFS(B69<1,"",B69<=2,1,B69<=4,2,B69<=8,3)} -> 3 | B69: =LEN('PLANILHA ORÇAMENTÁRIA'!$E69) -> 6 | C69: =IF(AND(Tabela6[[#This Row],[IND.]]>=5,Tabela6[[#This Row],[QUANT]]=0),"X","") -> X | E69: 3.1.11 | F69: PAREDE - DEMOLIÇÃO DE PAREDE EM DIVISÓRIA DE VIDRO | G69: ETAPA ÚNICA | I69: M2 | J69: 0 | K69: 0
A70: {=_xlfn.IFS(B70<1,"",B70<=2,1,B70<=4,2,B70<=8,3)} -> 3 | B70: =LEN('PLANILHA ORÇAMENTÁRIA'!$E70) -> 6 | C70: =IF(AND(Tabela6[[#This Row],[IND.]]>=5,Tabela6[[#This Row],[QUANT]]=0),"X","") -> X | E70: 3.1.11 | F70: PAREDE - DEMOLIÇÃO DE DIVISÓRIA SANITÁRIA | G70: ETAPA ÚNICA | I70: M2 | J70: 0 | K70: 0
A71: {=_xlfn.IFS(B71<1,"",B71<=2,1,B71<=4,2,B71<=8,3)} -> 3 | B71: =LEN('PLANILHA ORÇAMENTÁRIA'!$E71) -> 6 | C71: =IF(AND(Tabela6[[#This Row],[IND.]]>=5,Tabela6[[#This Row],[QUANT]]=0),"X","") -> X | E71: 3.1.11 | F71: PAREDE - DEMOLIÇÃO DE DIVISÓRIA DE GRANITO | G71: ETAPA ÚNICA | I71: M2 | J71: 0 | K71: 0
A72: {=_xlfn.IFS(B72<1,"",B72<=2,1,B72<=4,2,B72<=8,3)} -> 3 | B72: =LEN('PLANILHA ORÇAMENTÁRIA'!$E72) -> 6 | C72: =IF(AND(Tabela6[[#This Row],[IND.]]>=5,Tabela6[[#This Row],[QUANT]]=0),"X","") -> X | E72: 3.1.13 | F72: PAREDE - DEMOLIÇÃO DE REVESTIMENTO CERÂMICO / PORCELANATO | G72: ETAPA ÚNICA | I72: M2 | J72: 0 | K72: 0
A73: {=_xlfn.IFS(B73<1,"",B73<=2,1,B73<=4,2,B73<=8,3)} -> 3 | B73: =LEN('PLANILHA ORÇAMENTÁRIA'!$E73) -> 6 | C73: =IF(AND(Tabela6[[#This Row],[IND.]]>=5,Tabela6[[#This Row],[QUANT]]=0),"X","") | E73: 3.1.14 | F73: TETO - DEMOLIÇÃO DE FORRO EM DRYWALL | G73: ETAPA ÚNICA | H73: =2.62+232.38 -> 235 | I73: M2 | J73: 31.37 | K73: 7371.95
A74: {=_xlfn.IFS(B74<1,"",B74<=2,1,B74<=4,2,B74<=8,3)} -> 3 | B74: =LEN('PLANILHA ORÇAMENTÁRIA'!$E74) -> 6 | C74: =IF(AND(Tabela6[[#This Row],[IND.]]>=5,Tabela6[[#This Row],[QUANT]]=0),"X","") -> X | E74: 3.1.15 | F74: TETO - DEMOLIÇÃO DE FORRO EM PLACA DE GESSO | G74: ETAPA ÚNICA | I74: M2 | J74: 0 | K74: 0
A75: {=_xlfn.IFS(B75<1,"",B75<=2,1,B75<=4,2,B75<=8,3)} -> 3 | B75: =LEN('PLANILHA ORÇAMENTÁRIA'!$E75) -> 6 | C75: =IF(AND(Tabela6[[#This Row],[IND.]]>=5,Tabela6[[#This Row],[QUANT]]=0),"X","") -> X | E75: 3.1.16 | F75: TETO - DEMOLIÇÃO DE FORRO EM PVC | G75: ETAPA ÚNICA | I75: M2 | J75: 0 | K75: 0
A76: {=_xlfn.IFS(B76<1,"",B76<=2,1,B76<=4,2,B76<=8,3)} -> 3 | B76: =LEN('PLANILHA ORÇAMENTÁRIA'!$E76) -> 6 | C76: =IF(AND(Tabela6[[#This Row],[IND.]]>=5,Tabela6[[#This Row],[QUANT]]=0),"X","") | E76: 3.1.17 | F76: TETO - DEMOLIÇÃO DE FORRO MODULAR MINERAL | G76: ETAPA ÚNICA | H76: 403.84 | I76: M2 | J76: 34.7 | K76: 14013.248
A77: {=_xlfn.IFS(B77<1,"",B77<=2,1,B77<=4,2,B77<=8,3)} -> 3 | B77: =LEN('PLANILHA ORÇAMENTÁRIA'!$E77) -> 6 | C77: =IF(AND(Tabela6[[#This Row],[IND.]]>=5,Tabela6[[#This Row],[QUANT]]=0),"X","") -> X | E77: 3.1.17 | F77: OUTROS - DEMOLIÇÃO DE BANCADAS EM MÁRMORE OU GRANITO | G77: ETAPA ÚNICA | I77: M2 | J77: 0 | K77: 0
A78: {=_xlfn.IFS(B78<1,"",B78<=2,1,B78<=4,2,B78<=8,3)} -> 2 | B78: =LEN('PLANILHA ORÇAMENTÁRIA'!$E78) -> 3 | C78: =IF(Tabela6[[#This Row],[QUANT]]="x","x","") | E78: 3.2 | F78: DEMOLIÇÃO - INSTALAÇÕES | H78: =IF(SUM(H79:H97)=0,"x","") | K78: =SUMIF($A$79:$A$97,"3",K79:K97) -> 45341.357
A79: {=_xlfn.IFS(B79<1,"",B79<=2,1,B79<=4,2,B79<=8,3)} -> 3 | B79: =LEN('PLANILHA ORÇAMENTÁRIA'!$E79) -> 5 | C79: =IF(AND(Tabela6[[#This Row],[IND.]]>=5,Tabela6[[#This Row],[QUANT]]=0),"X","") | E79: 3.2.1 | F79: INSTALAÇÕES ELÉTRICAS - DEMOLIÇÃO DE ELETRODUTOS E CABEAMENTO | G79: ETAPA ÚNICA | H79: =H60 -> 777.19 | I79: M2 | J79: 7.5 | K79: 5828.925
A80: {=_xlfn.IFS(B80<1,"",B80<=2,1,B80<=4,2,B80<=8,3)} -> 3 | B80: =LEN('PLANILHA ORÇAMENTÁRIA'!$E80) -> 5 | C80: =IF(AND(Tabela6[[#This Row],[IND.]]>=5,Tabela6[[#This Row],[QUANT]]=0),"X","") | E80: 3.2.2 | F80: INSTALAÇÕES ELÉTRICAS - DEMOLIÇÃO DE TOMADAS, INTERRUPTORES, CAIXAS DE PASSAGEM | G80: ETAPA ÚNICA | H80: =H60 -> 777.19 | I80: M2 | J80: 5.83 | K80: 4531.0177
A81: {=_xlfn.IFS(B81<1,"",B81<=2,1,B81<=4,2,B81<=8,3)} -> 3 | B81: =LEN('PLANILHA ORÇAMENTÁRIA'!$E81) -> 5 | C81: =IF(AND(Tabela6[[#This Row],[IND.]]>=5,Tabela6[[#This Row],[QUANT]]=0),"X","") | E81: 3.2.3 | F81: INSTALAÇÕES ELÉTRICAS - DEMOLIÇÃO DE LUMINÁRIAS | G81: ETAPA ÚNICA | H81: 169 | I81: UN | J81: 10.33 | K81: 1745.77
A82: {=_xlfn.IFS(B82<1,"",B82<=2,1,B82<=4,2,B82<=8,3)} -> 3 | B82: =LEN('PLANILHA ORÇAMENTÁRIA'!$E82) -> 5 | C82: =IF(AND(Tabela6[[#This Row],[IND.]]>=5,Tabela6[[#This Row],[QUANT]]=0),"X","") -> X | E82: 3.2.4 | F82: INSTALAÇÕES ELÉTRICAS - DEMOLIÇÃO DE QUADRO DE LUZ | G82: ETAPA ÚNICA | I82: UN | J82: 0 | K82: 0
A83: {=_xlfn.IFS(B83<1,"",B83<=2,1,B83<=4,2,B83<=8,3)} -> 3 | B83: =LEN('PLANILHA ORÇAMENTÁRIA'!$E83) -> 5 | C83: =IF(AND(Tabela6[[#This Row],[IND.]]>=5,Tabela6[[#This Row],[QUANT]]=0),"X","") -> X | E83: 3.2.5 | F83: INSTALAÇÕES HIDROSSANITÁRIAS - DEMOLIÇÃO DE PONTOS DE ÁGUA FRIA OU QUENTE | G83: ETAPA ÚNICA | I83: UN | J83: 0 | K83: 0
A84: {=_xlfn.IFS(B84<1,"",B84<=2,1,B84<=4,2,B84<=8,3)} -> 3 | B84: =LEN('PLANILHA ORÇAMENTÁRIA'!$E84) -> 5 | C84: =IF(AND(Tabela6[[#This Row],[IND.]]>=5,Tabela6[[#This Row],[QUANT]]=0),"X","") -> X | E84: 3.2.6 | F84: IINSTALAÇÕES HIDROSSANITÁRIAS - DEMOLIÇÃO E RETIRADA DE LOUÇAS E METAIS | G84: ETAPA ÚNICA | I84: UN | J84: 0 | K84: 0
A85: {=_xlfn.IFS(B85<1,"",B85<=2,1,B85<=4,2,B85<=8,3)} -> 3 | B85: =LEN('PLANILHA ORÇAMENTÁRIA'!$E85) -> 5 | C85: =IF(AND(Tabela6[[#This Row],[IND.]]>=5,Tabela6[[#This Row],[QUANT]]=0),"X","") -> X | E85: 3.2.7 | F85: IINSTALAÇÕES HIDROSSANITÁRIAS - DEMOLIÇÃO DE REGISTROS DE PRESSÃO E GAVETA | G85: ETAPA ÚNICA | I85: UN | J85: 0 | K85: 0
A86: {=_xlfn.IFS(B86<1,"",B86<=2,1,B86<=4,2,B86<=8,3)} -> 3 | B86: =LEN('PLANILHA ORÇAMENTÁRIA'!$E86) -> 5 | C86: =IF(AND(Tabela6[[#This Row],[IND.]]>=5,Tabela6[[#This Row],[QUANT]]=0),"X","") -> X | E86: 3.2.8 | F86: IINSTALAÇÕES HIDROSSANITÁRIAS - DEMOLIÇÃO DE PONTO DE ESGOTO | G86: ETAPA ÚNICA | I86: UN | J86: 0 | K86: 0
A87: {=_xlfn.IFS(B87<1,"",B87<=2,1,B87<=4,2,B87<=8,3)} -> 3 | B87: =LEN('PLANILHA ORÇAMENTÁRIA'!$E87) -> 5 | C87: =IF(AND(Tabela6[[#This Row],[IND.]]>=5,Tabela6[[#This Row],[QUANT]]=0),"X","") -> X | E87: 3.2.9 | F87: IINSTALAÇÕES HIDROSSANITÁRIAS - DEMOLIÇÃO DE RALOS SECOS OU SINFONADOS | G87: ETAPA ÚNICA | I87: UN | J87: 0 | K87: 0
A88: {=_xlfn.IFS(B88<1,"",B88<=2,1,B88<=4,2,B88<=8,3)} -> 3 | B88: =LEN('PLANILHA ORÇAMENTÁRIA'!$E88) -> 6 | C88: =IF(AND(Tabela6[[#This Row],[IND.]]>=5,Tabela6[[#This Row],[QUANT]]=0),"X","") | E88: 3.2.10 | F88: INSTALAÇÕES DE DADOS E VOZ - DEMOLIÇÃO DE ELETRODUTOS E CABEAMENTO | G88: ETAPA ÚNICA | H88: =H60 -> 777.19 | I88: M2 | J88: 7.5 | K88: 5828.925
A89: {=_xlfn.IFS(B89<1,"",B89<=2,1,B89<=4,2,B89<=8,3)} -> 3 | B89: =LEN('PLANILHA ORÇAMENTÁRIA'!$E89) -> 6 | C89: =IF(AND(Tabela6[[#This Row],[IND.]]>=5,Tabela6[[#This Row],[QUANT]]=0),"X","") | E89: 3.2.11 | F89: INSTALAÇÕES DE DADOS E VOZ - DEMOLIÇÃO DE PONTOS DE REDE, TELEFONE CAIXAS DE PASSAGEM | G89: ETAPA ÚNICA | H89: =H60 -> 777.19 | I89: M2 | J89: 7.5 | K89: 5828.925
A90: {=_xlfn.IFS(B90<1,"",B90<=2,1,B90<=4,2,B90<=8,3)} -> 3 | B90: =LEN('PLANILHA ORÇAMENTÁRIA'!$E90) -> 6 | C90: =IF(AND(Tabela6[[#This Row],[IND.]]>=5,Tabela6[[#This Row],[QUANT]]=0),"X","") -> X | E90: 3.2.12 | F90: INSTALAÇÕES DE DADOS E VOZ - DEMOLIÇÃO DE CPD | G90: ETAPA ÚNICA | I90: UN | J90: 0 | K90: 0
A91: {=_xlfn.IFS(B91<1,"",B91<=2,1,B91<=4,2,B91<=8,3)} -> 3 | B91: =LEN('PLANILHA ORÇAMENTÁRIA'!$E91) -> 6 | C91: =IF(AND(Tabela6[[#This Row],[IND.]]>=5,Tabela6[[#This Row],[QUANT]]=0),"X","") | E91: 3.2.13 | F91: INSTALAÇÕES ESPECIAIS - DESATIVAÇÃO E RETIRADA DE DETECTOR DE FUMAÇA | G91: ETAPA ÚNICA | H91: 52 | I91: UN | J91: 13.67 | K91: 710.84
A92: {=_xlfn.IFS(B92<1,"",B92<=2,1,B92<=4,2,B92<=8,3)} -> 3 | B92: =LEN('PLANILHA ORÇAMENTÁRIA'!$E92) -> 6 | C92: =IF(AND(Tabela6[[#This Row],[IND.]]>=5,Tabela6[[#This Row],[QUANT]]=0),"X","") | E92: 3.2.14 | F92: INSTALAÇÕES ESPECIAIS - DESATIVAÇÃO E RETIRADA DE PONTO E TUBULAÇÃO DE SPRINKLER | G92: ETAPA ÚNICA | H92: 116 | I92: UN | J92: 73 | K92: 8468
A93: {=_xlfn.IFS(B93<1,"",B93<=2,1,B93<=4,2,B93<=8,3)} -> 3 | B93: =LEN('PLANILHA ORÇAMENTÁRIA'!$E93) -> 6 | C93: =IF(AND(Tabela6[[#This Row],[IND.]]>=5,Tabela6[[#This Row],[QUANT]]=0),"X","") | E93: 3.2.15 | F93: INSTALAÇÕES ESPECIAIS - DESATIVAÇÃO E RETIRADA DE ALARMES | G93: ETAPA ÚNICA | H93: 4 | I93: UN | J93: 67 | K93: 268
A94: {=_xlfn.IFS(B94<1,"",B94<=2,1,B94<=4,2,B94<=8,3)} -> 3 | B94: =LEN('PLANILHA ORÇAMENTÁRIA'!$E94) -> 6 | C94: =IF(AND(Tabela6[[#This Row],[IND.]]>=5,Tabela6[[#This Row],[QUANT]]=0),"X","") | E94: 3.2.16 | F94: INSTALAÇÕES ESPECIAIS - DESATIVAÇÃO E RETIRADA DE CÂMERAS | G94: ETAPA ÚNICA | H94: 10 | I94: UN | J94: 17 | K94: 170
A95: {=_xlfn.IFS(B95<1,"",B95<=2,1,B95<=4,2,B95<=8,3)} -> 3 | B95: =LEN('PLANILHA ORÇAMENTÁRIA'!$E95) -> 6 | C95: =IF(AND(Tabela6[[#This Row],[IND.]]>=5,Tabela6[[#This Row],[QUANT]]=0),"X","") | E95: 3.2.17 | F95: INSTALAÇÕES DE REFRIGERAÇÃO E EXAUSTÃO - DEMOLIÇÃO DE INFRA (DUTOS) | G95: ETAPA ÚNICA | H95: =H60 -> 777.19 | I95: M2 | J95: 15.39 | K95: 11960.954
A96: {=_xlfn.IFS(B96<1,"",B96<=2,1,B96<=4,2,B96<=8,3)} -> 3 | B96: =LEN('PLANILHA ORÇAMENTÁRIA'!$E96) -> 6 | C96: =IF(AND(Tabela6[[#This Row],[IND.]]>=5,Tabela6[[#This Row],[QUANT]]=0),"X","") -> X | E96: 3.2.18 | F96: INSTALAÇÕES DE REFRIGERAÇÃO E EXAUSTÃO - RETIRADA DE EQUIPAMENTOS | G96: ETAPA ÚNICA | I96: UN | J96: 0 | K96: 0
A97: {=_xlfn.IFS(B97<1,"",B97<=2,1,B97<=4,2,B97<=8,3)} -> 3 | B97: =LEN('PLANILHA ORÇAMENTÁRIA'!$E97) -> 6 | C97: =IF(AND(Tabela6[[#This Row],[IND.]]>=5,Tabela6[[#This Row],[QUANT]]=0),"X","") -> X | E97: 3.2.19 | F97: INSTALAÇÕES DE REFRIGERAÇÃO E EXAUSTÃO - DESATIVAÇÃO DE DRENOS | G97: ETAPA ÚNICA | I97: UN | J97: 0 | K97: 0
A98: {=_xlfn.IFS(B98<1,"",B98<=2,1,B98<=4,2,B98<=8,3)} -> 2 | B98: =LEN('PLANILHA ORÇAMENTÁRIA'!$E98) -> 3 | C98: =IF(Tabela6[[#This Row],[QUANT]]="x","x","") | E98: 3.3 | F98: RETIRADAS | H98: =IF(SUM(H99:H111)=0,"x","") | K98: =SUMIF($A$99:$A$111,"3",K99:K111) -> 1909.32
A99: {=_xlfn.IFS(B99<1,"",B99<=2,1,B99<=4,2,B99<=8,3)} -> 3 | B99: =LEN('PLANILHA ORÇAMENTÁRIA'!$E99) -> 5 | C99: =IF(AND(Tabela6[[#This Row],[IND.]]>=5,Tabela6[[#This Row],[QUANT]]=0),"X","") | E99: 3.3.1 | F99: RETIRADA DE PERSIANAS E CORTINAS | G99: ETAPA ÚNICA | H99: 61 | I99: UN | J99: 21.3 | K99: 1299.3
A100: {=_xlfn.IFS(B100<1,"",B100<=2,1,B100<=4,2,B100<=8,3)} -> 3 | B100: =LEN('PLANILHA ORÇAMENTÁRIA'!$E100) -> 5 | C100: =IF(AND(Tabela6[[#This Row],[IND.]]>=5,Tabela6[[#This Row],[QUANT]]=0),"X","") -> X | E100: 3.3.2 | F100: RETIRADA DE MOBILIÁRIO MÓVEL | G100: ETAPA ÚNICA | I100: UN | J100: 0 | K100: 0
A101: {=_xlfn.IFS(B101<1,"",B101<=2,1,B101<=4,2,B101<=8,3)} -> 3 | B101: =LEN('PLANILHA ORÇAMENTÁRIA'!$E101) -> 5 | C101: =IF(AND(Tabela6[[#This Row],[IND.]]>=5,Tabela6[[#This Row],[QUANT]]=0),"X","") -> X | E101: 3.3.3 | F101: RETIRADA DE MOBILIÁRIO FIXO - MARCENARIA | G101: ETAPA ÚNICA | I101: UN | J101: 0 | K101: 0
A102: {=_xlfn.IFS(B102<1,"",B102<=2,1,B102<=4,2,B102<=8,3)} -> 3 | B102: =LEN('PLANILHA ORÇAMENTÁRIA'!$E102) -> 5 | C102: =IF(AND(Tabela6[[#This Row],[IND.]]>=5,Tabela6[[#This Row],[QUANT]]=0),"X","") -> X | E102: 3.3.4 | F102: RETIRADA DE MOBILIÁRIO FIXO - MARMORARIA | G102: ETAPA ÚNICA | I102: UN | J102: 0 | K102: 0
A103: {=_xlfn.IFS(B103<1,"",B103<=2,1,B103<=4,2,B103<=8,3)} -> 3 | B103: =LEN('PLANILHA ORÇAMENTÁRIA'!$E103) -> 5 | C103: =IF(AND(Tabela6[[#This Row],[IND.]]>=5,Tabela6[[#This Row],[QUANT]]=0),"X","") -> X | E103: 3.3.5 | F103: RETIRADA DE MOBILIÁRIO FIXO - SERRALHERIA | G103: ETAPA ÚNICA | I103: UN | J103: 0 | K103: 0
...

Sheet PLANILHA RESUMO
A1: PLANILHA ORÇAMENTÁRIA RESUMO OBRAS E REFORMAS ESCRITÓRIOS REGIONAIS
A3: FORNECEDOR | B3: ='PLANILHA ORÇAMENTÁRIA'!F3 -> 0 | C3: CNPJ | D3: ='PLANILHA ORÇAMENTÁRIA'!K3 -> 0
A4: RESPONSÁVEL TÉCNICO | B4: ='PLANILHA ORÇAMENTÁRIA'!F4 -> 0 | C4: CONTATO - TELEFONE | D4: ='PLANILHA ORÇAMENTÁRIA'!K4 -> 0
A5: CREA / CAU | B5: ='PLANILHA ORÇAMENTÁRIA'!F5 -> 0 | C5: CONTATO - EMAIL | D5: ='PLANILHA ORÇAMENTÁRIA'!K5 -> 0
A6: DATA | B6: ='PLANILHA ORÇAMENTÁRIA'!F6 -> 0 | C6: REVISÃO | D6: ='PLANILHA ORÇAMENTÁRIA'!K6 -> 0
A8: UNIDADE SEBRAE | B8: ='PLANILHA ORÇAMENTÁRIA'!F8 -> ESCOLA SEBRAE DE NEGÓCIOS | C8: ÁREA CONSTRUÍDA | D8: ='PLANILHA ORÇAMENTÁRIA'!N3 -> 1150.02
A9: ENDEREÇO | B9: ='PLANILHA ORÇAMENTÁRIA'!F9 -> AV. MARECHAL CÂMARA, 171 - 2º ANDAR - CENTRO | C9: PRAZO DE OBRA | D9: ='PLANILHA ORÇAMENTÁRIA'!K9 -> 0
A11: ITEM | B11: DESCRITIVO | D11: VALOR TOTAL C/ BDI
A12: 1 | B12: =IFERROR(VLOOKUP('PLANILHA RESUMO'!$A12,Tabela6[[ITEM]:[ESCOPO - DESCRITIVO]],2,0),"") -> SERVIÇOS PRELIMINARES | D12: =IFERROR(VLOOKUP('PLANILHA RESUMO'!$A12,Tabela6[[ITEM]:[VALOR TOTAL MÁX.]],10,0),"")*(1+'PLANILHA ORÇAMENTÁRIA'!$K$493) -> #VALUE!
A13: 2 | B13: =IFERROR(VLOOKUP('PLANILHA RESUMO'!$A13,Tabela6[[ITEM]:[ESCOPO - DESCRITIVO]],2,0),"") -> ADMINISTRATIVO | D13: =IFERROR(VLOOKUP('PLANILHA RESUMO'!$A13,Tabela6[[ITEM]:[VALOR TOTAL MÁX.]],10,0),"")*(1+'PLANILHA ORÇAMENTÁRIA'!$K$493) -> #VALUE!
A14: 3 | B14: =IFERROR(VLOOKUP('PLANILHA RESUMO'!$A14,Tabela6[[ITEM]:[ESCOPO - DESCRITIVO]],2,0),"") -> DEMOLIÇÃO | D14: =IFERROR(VLOOKUP('PLANILHA RESUMO'!$A14,Tabela6[[ITEM]:[VALOR TOTAL MÁX.]],10,0),"")*(1+'PLANILHA ORÇAMENTÁRIA'!$K$493) -> #VALUE!
A15: 4 | B15: =IFERROR(VLOOKUP('PLANILHA RESUMO'!$A15,Tabela6[[ITEM]:[ESCOPO - DESCRITIVO]],2,0),"") -> CONSTRUÇÃO | D15: =IFERROR(VLOOKUP('PLANILHA RESUMO'!$A15,Tabela6[[ITEM]:[VALOR TOTAL MÁX.]],10,0),"")*(1+'PLANILHA ORÇAMENTÁRIA'!$K$493) -> #VALUE!
A16: 5 | B16: =IFERROR(VLOOKUP('PLANILHA RESUMO'!$A16,Tabela6[[ITEM]:[ESCOPO - DESCRITIVO]],2,0),"") -> REVESTIMENTOS | D16: =IFERROR(VLOOKUP('PLANILHA RESUMO'!$A16,Tabela6[[ITEM]:[VALOR TOTAL MÁX.]],10,0),"")*(1+'PLANILHA ORÇAMENTÁRIA'!$K$493) -> #VALUE!
A17: 6 | B17: =IFERROR(VLOOKUP('PLANILHA RESUMO'!$A17,Tabela6[[ITEM]:[ESCOPO - DESCRITIVO]],2,0),"") -> INSTALAÇÕES | D17: =IFERROR(VLOOKUP('PLANILHA RESUMO'!$A17,Tabela6[[ITEM]:[VALOR TOTAL MÁX.]],10,0),"")*(1+'PLANILHA ORÇAMENTÁRIA'!$K$493) -> #VALUE!
A18: 7 | B18: =IFERROR(VLOOKUP('PLANILHA RESUMO'!$A18,Tabela6[[ITEM]:[ESCOPO - DESCRITIVO]],2,0),"") -> SISTEMA DE REFRIGERAÇÃO | D18: =IFERROR(VLOOKUP('PLANILHA RESUMO'!$A18,Tabela6[[ITEM]:[VALOR TOTAL MÁX.]],10,0),"")*(1+'PLANILHA ORÇAMENTÁRIA'!$K$493) -> #VALUE!
A19: 8 | B19: =IFERROR(VLOOKUP('PLANILHA RESUMO'!$A19,Tabela6[[ITEM]:[ESCOPO - DESCRITIVO]],2,0),"") -> PINTURA | D19: =IFERROR(VLOOKUP('PLANILHA RESUMO'!$A19,Tabela6[[ITEM]:[VALOR TOTAL MÁX.]],10,0),"")*(1+'PLANILHA ORÇAMENTÁRIA'!$K$493) -> #VALUE!
A20: 9 | B20: =IFERROR(VLOOKUP('PLANILHA RESUMO'!$A20,Tabela6[[ITEM]:[ESCOPO - DESCRITIVO]],2,0),"") -> ESQUADRIAS | D20: =IFERROR(VLOOKUP('PLANILHA RESUMO'!$A20,Tabela6[[ITEM]:[VALOR TOTAL MÁX.]],10,0),"")*(1+'PLANILHA ORÇAMENTÁRIA'!$K$493) -> #VALUE!
A21: 10 | B21: =IFERROR(VLOOKUP('PLANILHA RESUMO'!$A21,Tabela6[[ITEM]:[ESCOPO - DESCRITIVO]],2,0),"") -> MARMORARIA | D21: =IFERROR(VLOOKUP('PLANILHA RESUMO'!$A21,Tabela6[[ITEM]:[VALOR TOTAL MÁX.]],10,0),"")*(1+'PLANILHA ORÇAMENTÁRIA'!$K$493) -> #VALUE!
A22: 11 | B22: =IFERROR(VLOOKUP('PLANILHA RESUMO'!$A22,Tabela6[[ITEM]:[ESCOPO - DESCRITIVO]],2,0),"") -> SISTEMA DE PROTEÇÃO E COMBATE A INCÊNDIO | D22: =IFERROR(VLOOKUP('PLANILHA RESUMO'!$A22,Tabela6[[ITEM]:[VALOR TOTAL MÁX.]],10,0),"")*(1+'PLANILHA ORÇAMENTÁRIA'!$K$493) -> #VALUE!
A23: 12 | B23: =IFERROR(VLOOKUP('PLANILHA RESUMO'!$A23,Tabela6[[ITEM]:[ESCOPO - DESCRITIVO]],2,0),"") -> MARCENARIA E SERRALHERIA | D23: =IFERROR(VLOOKUP('PLANILHA RESUMO'!$A23,Tabela6[[ITEM]:[VALOR TOTAL MÁX.]],10,0),"")*(1+'PLANILHA ORÇAMENTÁRIA'!$K$493) -> #VALUE!
... A25: 14 | B25: =IFERROR(VLOOKUP('PLANILHA RESUMO'!$A25,Tabela6[[ITEM]:[ESCOPO - DESCRITIVO]],2,0),"") -> LIMPEZA FINAL DE OBRA | D25: =IFERROR(VLOOKUP('PLANILHA RESUMO'!$A25,Tabela6[[ITEM]:[VALOR TOTAL MÁX.]],10,0),"")*(1+'PLANILHA ORÇAMENTÁRIA'!$K$493) -> #VALUE!
D26: =IFERROR(VLOOKUP('PLANILHA RESUMO'!$A26,Tabela6[[ITEM]:[VALOR TOTAL MÁX.]],9,0),"")
A27: VALOR TOTAL | D27: =SUM(D12:D25) -> #VALUE!

Sheet CRONOGRAMA FÍSICO FINANCEIRO
A1: CRONOGRAMA FÍSICO FINANCEIRO OBRAS E REFORMAS ESCRITÓRIOS REGIONAIS
A3: FORNECEDOR | B3: ='PLANILHA ORÇAMENTÁRIA'!F3 -> 0 | N3: CNPJ | P3: ='PLANILHA ORÇAMENTÁRIA'!K3 -> 0
A4: RESPONSÁVEL TÉCNICO | B4: ='PLANILHA ORÇAMENTÁRIA'!F4 -> 0 | N4: CONTATO - TELEFONE | P4: ='PLANILHA ORÇAMENTÁRIA'!K4 -> 0
A5: CREA / CAU | B5: ='PLANILHA ORÇAMENTÁRIA'!F5 -> 0 | N5: CONTATO - EMAIL | P5: ='PLANILHA ORÇAMENTÁRIA'!K5 -> 0
A6: DATA | B6: ='PLANILHA ORÇAMENTÁRIA'!F6 -> 0 | N6: REVISÃO | P6: ='PLANILHA ORÇAMENTÁRIA'!K6 -> 0
A8: UNIDADE SEBRAE | B8: ='PLANILHA ORÇAMENTÁRIA'!F8 -> ESCOLA SEBRAE DE NEGÓCIOS | N8: ÁREA CONSTRUÍDA | P8: =ÁREA_CONSTRUIDA -> 1150.02
A9: ENDEREÇO | B9: ='PLANILHA ORÇAMENTÁRIA'!F9 -> AV. MARECHAL CÂMARA, 171 - 2º ANDAR - CENTRO | N9: PRAZO DE OBRA | P9: =PRAZO_DE_OBRA -> 105
A12: ITEM | B12: ESCOPO | C12: ETAPA | D12: QUINZENA DE INÍCIO | E12: QUINZENA DE FINALIZAÇÃO | F12: QUINZENA | G12: QUINZENA | H12: QUINZENA | I12: QUINZENA | J12: QUINZENA | K12: QUINZENA | L12: QUINZENA | M12: QUINZENA | N12: QUINZENA | O12: QUINZENA | P12: QUINZENA DE MEDIÇÃO | Q12: VALOR DA MEDIÇÃO (com bdi)
F13: 1 | G13: =F13+1 -> 2 | H13: =G13+1 -> 3 | I13: =H13+1 -> 4 | J13: =I13+1 -> 5 | K13: =J13+1 -> 6 | L13: =K13+1 -> 7 | M13: 8 | N13: =M13+1 -> 9 | O13: 10
A14: 1 | B14: =IFERROR(VLOOKUP(A14,Tabela6[[ITEM]:[ESCOPO - DESCRITIVO]],2,0),"") -> SERVIÇOS PRELIMINARES | C14: ETAPA ÚNICA | D14: 1 | E14: 2 | F14: =IF(AND($D14<=F$13,$E14>=F$13),"x","") -> x | G14: =IF(AND($D14<=G$13,$E14>=G$13),"x","") -> x | H14: =IF(AND($D14<=H$13,$E14>=H$13),"x","") | I14: =IF(AND($D14<=I$13,$E14>=I$13),"x","") | J14: =IF(AND($D14<=J$13,$E14>=J$13),"x","") | K14: =IF(AND($D14<=K$13,$E14>=K$13),"x","") | L14: =IF(AND($D14<=L$13,$E14>=L$13),"x","") | M14: =IF(AND($D14<=M$13,$E14>=M$13),"x","") | ... O14: =IF(AND($D14<=O$13,$E14>=O$13),"x","") | P14: {=IFERROR(_xlfn.IFS(O14="X",$O$13,N14="X",$N$13,M14="X",$M$13,L14="X",$L$13,K14="X",$K$13,J14="X",$J$13,I14="X",$I$13,H14="X",$H$13,G14="X",$G$13,F14="X",$F$13),"")} -> 2 | Q14: =SUMIF('PLANILHA ORÇAMENTÁRIA'!G14:G34,C14,'PLANILHA ORÇAMENTÁRIA'!K14:K34)*(1+'PLANILHA ORÇAMENTÁRIA'!$K$493) -> 396631.15
A15: 2 | B15: =IFERROR(VLOOKUP(A15,Tabela6[[ITEM]:[ESCOPO - DESCRITIVO]],2,0),"") -> ADMINISTRATIVO | C15: ETAPA ÚNICA | D15: 3 | E15: 7 | F15: =IF(AND($D15<=F$13,$E15>=F$13),"x","") | H15: =IF(AND($D15<=H$13,$E15>=H$13),"x","") -> x | I15: =IF(AND($D15<=I$13,$E15>=I$13),"x","") -> x | J15: =IF(AND($D15<=J$13,$E15>=J$13),"x","") -> x | K15: =IF(AND($D15<=K$13,$E15>=K$13),"x","") -> x | L15: =IF(AND($D15<=L$13,$E15>=L$13),"x","") -> x | M15: =IF(AND($D15<=M$13,$E15>=M$13),"x","") | N15: =IF(AND($D15<=N$13,$E15>=N$13),"x","") | O15: =IF(AND($D15<=O$13,$E15>=O$13),"x","") | P15: {=IFERROR(_xlfn.IFS(O15="X",$O$13,N15="X",$N$13,M15="X",$M$13,L15="X",$L$13,K15="X",$K$13,J15="X",$J$13,I15="X",$I$13,H15="X",$H$13,G15="X",$G$13,F15="X",$F$13),"")} -> 7 | Q15: =SUMIF('PLANILHA ORÇAMENTÁRIA'!G37:G56,C15,'PLANILHA ORÇAMENTÁRIA'!K37:K56)*(1+'PLANILHA ORÇAMENTÁRIA'!$K$493) -> 252896.94
A16: 3 | B16: =IFERROR(VLOOKUP(A16,Tabela6[[ITEM]:[ESCOPO - DESCRITIVO]],2,0),"") -> DEMOLIÇÃO | C16: ETAPA ÚNICA | D16: 3 | E16: 3 | F16: =IF(AND($D16<=F$13,$E16>=F$13),"x","") | G16: =IF(AND($D16<=G$13,$E16>=G$13),"x","") | H16: =IF(AND($D16<=H$13,$E16>=H$13),"x","") -> x | I16: =IF(AND($D16<=I$13,$E16>=I$13),"x","") | J16: =IF(AND($D16<=J$13,$E16>=J$13),"x","") | K16: =IF(AND($D16<=K$13,$E16>=K$13),"x","") | L16: =IF(AND($D16<=L$13,$E16>=L$13),"x","") | M16: =IF(AND($D16<=M$13,$E16>=M$13),"x","") | ... O16: =IF(AND($D16<=O$13,$E16>=O$13),"x","") | P16: {=IFERROR(_xlfn.IFS(O16="X",$O$13,N16="X",$N$13,M16="X",$M$13,L16="X",$L$13,K16="X",$K$13,J16="X",$J$13,I16="X",$I$13,H16="X",$H$13,G16="X",$G$13,F16="X",$F$13),"")} -> 3 | Q16: =SUMIF('PLANILHA ORÇAMENTÁRIA'!G59:G111,C16,'PLANILHA ORÇAMENTÁRIA'!K59:K111)*(1+'PLANILHA ORÇAMENTÁRIA'!$K$493) -> 115914
A17: 4 | B17: =IFERROR(VLOOKUP(A17,Tabela6[[ITEM]:[ESCOPO - DESCRITIVO]],2,0),"") -> CONSTRUÇÃO | C17: ETAPA 1 | D17: 4 | E17: 4 | F17: =IF(AND($D17<=F$13,$E17>=F$13),"x","") | G17: =IF(AND($D17<=G$13,$E17>=G$13),"x","") | H17: =IF(AND($D17<=H$13,$E17>=H$13),"x","") | I17: =IF(AND($D17<=I$13,$E17>=I$13),"x","") -> x | J17: =IF(AND($D17<=J$13,$E17>=J$13),"x","") | K17: =IF(AND($D17<=K$13,$E17>=K$13),"x","") | L17: =IF(AND($D17<=L$13,$E17>=L$13),"x","") | M17: =IF(AND($D17<=M$13,$E17>=M$13),"x","") | ... O17: =IF(AND($D17<=O$13,$E17>=O$13),"x","") | P17: {=IFERROR(_xlfn.IFS(O17="X",$O$13,N17="X",$N$13,M17="X",$M$13,L17="X",$L$13,K17="X",$K$13,J17="X",$J$13,I17="X",$I$13,H17="X",$H$13,G17="X",$G$13,F17="X",$F$13),"")} -> 4 | Q17: =SUMIF('PLANILHA ORÇAMENTÁRIA'!G114:G160,C17,'PLANILHA ORÇAMENTÁRIA'!K114:K160)*(1+'PLANILHA ORÇAMENTÁRIA'!$K$493) -> 110059.94
C18: ETAPA 2 | D18: 5 | E18: 6 | F18: =IF(AND($D18<=F$13,$E18>=F$13),"x","") | G18: =IF(AND($D18<=G$13,$E18>=G$13),"x","") | H18: =IF(AND($D18<=H$13,$E18>=H$13),"x","") | I18: =IF(AND($D18<=I$13,$E18>=I$13),"x","") | J18: =IF(AND($D18<=J$13,$E18>=J$13),"x","") -> x | K18: =IF(AND($D18<=K$13,$E18>=K$13),"x","") -> x | L18: =IF(AND($D18<=L$13,$E18>=L$13),"x","") | M18: =IF(AND($D18<=M$13,$E18>=M$13),"x","") | ... O18: =IF(AND($D18<=O$13,$E18>=O$13),"x","") | P18: {=IFERROR(_xlfn.IFS(O18="X",$O$13,N18="X",$N$13,M18="X",$M$13,L18="X",$L$13,K18="X",$K$13,J18="X",$J$13,I18="X",$I$13,H18="X",$H$13,G18="X",$G$13,F18="X",$F$13),"")} -> 6 | Q18: =SUMIF('PLANILHA ORÇAMENTÁRIA'!G115:G161,C18,'PLANILHA ORÇAMENTÁRIA'!K115:K161)*(1+'PLANILHA ORÇAMENTÁRIA'!$K$493) -> 605941.8
A19: 5 | B19: =IFERROR(VLOOKUP(A19,Tabela6[[ITEM]:[ESCOPO - DESCRITIVO]],2,0),"") -> REVESTIMENTOS | C19: ETAPA ÚNICA | D19: 7 | E19: 7 | F19: =IF(AND($D19<=F$13,$E19>=F$13),"x","") | G19: =IF(AND($D19<=G$13,$E19>=G$13),"x","") | H19: =IF(AND($D19<=H$13,$E19>=H$13),"x","") | I19: =IF(AND($D19<=I$13,$E19>=I$13),"x","") | J19: =IF(AND($D19<=J$13,$E19>=J$13),"x","") | K19: =IF(AND($D19<=K$13,$E19>=K$13),"x","") | L19: =IF(AND($D19<=L$13,$E19>=L$13),"x","") -> x | M19: =IF(AND($D19<=M$13,$E19>=M$13),"x","") | ... O19: =IF(AND($D19<=O$13,$E19>=O$13),"x","") | P19: {=IFERROR(_xlfn.IFS(O19="X",$O$13,N19="X",$N$13,M19="X",$M$13,L19="X",$L$13,K19="X",$K$13,J19="X",$J$13,I19="X",$I$13,H19="X",$H$13,G19="X",$G$13,F19="X",$F$13),"")} -> 7 | Q19: =SUMIF('PLANILHA ORÇAMENTÁRIA'!G161:G188,C19,'PLANILHA ORÇAMENTÁRIA'!K161:K188)*(1+'PLANILHA ORÇAMENTÁRIA'!$K$493) -> 452088.74
A20: 6 | B20: =IFERROR(VLOOKUP(A20,Tabela6[[ITEM]:[ESCOPO - DESCRITIVO]],2,0),"") -> INSTALAÇÕES | C20: ETAPA 1 | D20: 5 | E20: 6 | F20: =IF(AND($D20<=F$13,$E20>=F$13),"x","") | G20: =IF(AND($D20<=G$13,$E20>=G$13),"x","") | H20: =IF(AND($D20<=H$13,$E20>=H$13),"x","") | I20: =IF(AND($D20<=I$13,$E20>=I$13),"x","") | J20: =IF(AND($D20<=J$13,$E20>=J$13),"x","") -> x | K20: =IF(AND($D20<=K$13,$E20>=K$13),"x","") -> x | L20: =IF(AND($D20<=L$13,$E20>=L$13),"x","") | M20: =IF(AND($D20<=M$13,$E20>=M$13),"x","") | ... O20: =IF(AND($D20<=O$13,$E20>=O$13),"x","") | P20: {=IFERROR(_xlfn.IFS(O20="X",$O$13,N20="X",$N$13,M20="X",$M$13,L20="X",$L$13,K20="X",$K$13,J20="X",$J$13,I20="X",$I$13,H20="X",$H$13,G20="X",$G$13,F20="X",$F$13),"")} -> 6 | Q20: =SUMIF('PLANILHA ORÇAMENTÁRIA'!G191:G314,C20,'PLANILHA ORÇAMENTÁRIA'!K191:K314)*(1+'PLANILHA ORÇAMENTÁRIA'!$K$493) -> 303054.99
C21: ETAPA 2 | D21: 6 | E21: 7 | F21: =IF(AND($D21<=F$13,$E21>=F$13),"x","") | G21: =IF(AND($D21<=G$13,$E21>=G$13),"x","") | H21: =IF(AND($D21<=H$13,$E21>=H$13),"x","") | I21: =IF(AND($D21<=I$13,$E21>=I$13),"x","") | J21: =IF(AND($D21<=J$13,$E21>=J$13),"x","") | K21: =IF(AND($D21<=K$13,$E21>=K$13),"x","") -> x | L21: =IF(AND($D21<=L$13,$E21>=L$13),"x","") -> x | M21: =IF(AND($D21<=M$13,$E21>=M$13),"x","") | ... O21: =IF(AND($D21<=O$13,$E21>=O$13),"x","") | P21: {=IFERROR(_xlfn.IFS(O21="X",$O$13,N21="X",$N$13,M21="X",$M$13,L21="X",$L$13,K21="X",$K$13,J21="X",$J$13,I21="X",$I$13,H21="X",$H$13,G21="X",$G$13,F21="X",$F$13),"")} -> 7 | Q21: =SUMIF('PLANILHA ORÇAMENTÁRIA'!G193:G315,C21,'PLANILHA ORÇAMENTÁRIA'!K193:K315)*(1+'PLANILHA ORÇAMENTÁRIA'!$K$493) -> 118869.97
A22: 7 | B22: =IFERROR(VLOOKUP(A22,Tabela6[[ITEM]:[ESCOPO - DESCRITIVO]],2,0),"") -> SISTEMA DE REFRIGERAÇÃO | C22: ETAPA 1 | D22: 5 | E22: 6 | F22: =IF(AND($D22<=F$13,$E22>=F$13),"x","") | G22: =IF(AND($D22<=G$13,$E22>=G$13),"x","") | H22: =IF(AND($D22<=H$13,$E22>=H$13),"x","") | I22: =IF(AND($D22<=I$13,$E22>=I$13),"x","") | J22: =IF(AND($D22<=J$13,$E22>=J$13),"x","") -> x | K22: =IF(AND($D22<=K$13,$E22>=K$13),"x","") -> x | L22: =IF(AND($D22<=L$13,$E22>=L$13),"x","") | M22: =IF(AND($D22<=M$13,$E22>=M$13),"x","") | ... O22: =IF(AND($D22<=O$13,$E22>=O$13),"x","") | P22: {=IFERROR(_xlfn.IFS(O22="X",$O$13,N22="X",$N$13,M22="X",$M$13,L22="X",$L$13,K22="X",$K$13,J22="X",$J$13,I22="X",$I$13,H22="X",$H$13,G22="X",$G$13,F22="X",$F$13),"")} -> 6 | Q22: =SUMIF('PLANILHA ORÇAMENTÁRIA'!G317:G340,C22,'PLANILHA ORÇAMENTÁRIA'!K317:K340)*(1+'PLANILHA ORÇAMENTÁRIA'!$K$493) -> 194468.89
C23: ETAPA 2 | D23: 6 | E23: 7 | F23: =IF(AND($D23<=F$13,$E23>=F$13),"x","") | G23: =IF(AND($D23<=G$13,$E23>=G$13),"x","") | H23: =IF(AND($D23<=H$13,$E23>=H$13),"x","") | I23: =IF(AND($D23<=I$13,$E23>=I$13),"x","") | J23: =IF(AND($D23<=J$13,$E23>=J$13),"x","") | K23: =IF(AND($D23<=K$13,$E23>=K$13),"x","") -> x | L23: =IF(AND($D23<=L$13,$E23>=L$13),"x","") -> x | M23: =IF(AND($D23<=M$13,$E23>=M$13),"x","") | ... O23: =IF(AND($D23<=O$13,$E23>=O$13),"x","") | P23: {=IFERROR(_xlfn.IFS(O23="X",$O$13,N23="X",$N$13,M23="X",$M$13,L23="X",$L$13,K23="X",$K$13,J23="X",$J$13,I23="X",$I$13,H23="X",$H$13,G23="X",$G$13,F23="X",$F$13),"")} -> 7 | Q23: =SUMIF('PLANILHA ORÇAMENTÁRIA'!G318:G341,C23,'PLANILHA ORÇAMENTÁRIA'!K318:K341)*(1+'PLANILHA ORÇAMENTÁRIA'!$K$493) -> 92077.96
A24: 8 | B24: =IFERROR(VLOOKUP(A24,Tabela6[[ITEM]:[ESCOPO - DESCRITIVO]],2,0),"") -> PINTURA | C24: ETAPA ÚNICA | D24: 6 | E24: 7 | F24: =IF(AND($D24<=F$13,$E24>=F$13),"x","") | G24: =IF(AND($D24<=G$13,$E24>=G$13),"x","") | H24: =IF(AND($D24<=H$13,$E24>=H$13),"x","") | I24: =IF(AND($D24<=I$13,$E24>=I$13),"x","") | J24: =IF(AND($D24<=J$13,$E24>=J$13),"x","") | K24: =IF(AND($D24<=K$13,$E24>=K$13),"x","") -> x | L24: =IF(AND($D24<=L$13,$E24>=L$13),"x","") -> x | M24: =IF(AND($D24<=M$13,$E24>=M$13),"x","") | ... O24: =IF(AND($D24<=O$13,$E24>=O$13),"x","") | P24: {=IFERROR(_xlfn.IFS(O24="X",$O$13,N24="X",$N$13,M24="X",$M$13,L24="X",$L$13,K24="X",$K$13,J24="X",$J$13,I24="X",$I$13,H24="X",$H$13,G24="X",$G$13,F24="X",$F$13),"")} -> 7 | Q24: =SUMIF('PLANILHA ORÇAMENTÁRIA'!G343:G373,C24,'PLANILHA ORÇAMENTÁRIA'!K343:K373)*(1+'PLANILHA ORÇAMENTÁRIA'!$K$493) -> 186924.39
A25: 9 | B25: =IFERROR(VLOOKUP(A25,Tabela6[[ITEM]:[ESCOPO - DESCRITIVO]],2,0),"") -> ESQUADRIAS | C25: ETAPA ÚNICA | D25: 6 | E25: 6 | F25: =IF(AND($D25<=F$13,$E25>=F$13),"x","") | G25: =IF(AND($D25<=G$13,$E25>=G$13),"x","") | H25: =IF(AND($D25<=H$13,$E25>=H$13),"x","") | I25: =IF(AND($D25<=I$13,$E25>=I$13),"x","") | J25: =IF(AND($D25<=J$13,$E25>=J$13),"x","") | K25: =IF(AND($D25<=K$13,$E25>=K$13),"x","") -> x | L25: =IF(AND($D25<=L$13,$E25>=L$13),"x","") | M25: =IF(AND($D25<=M$13,$E25>=M$13),"x","") | ... O25: =IF(AND($D25<=O$13,$E25>=O$13),"x","") | P25: {=IFERROR(_xlfn.IFS(O25="X",$O$13,N25="X",$N$13,M25="X",$M$13,L25="X",$L$13,K25="X",$K$13,J25="X",$J$13,I25="X",$I$13,H25="X",$H$13,G25="X",$G$13,F25="X",$F$13),"")} -> 6 | Q25: =SUMIF('PLANILHA ORÇAMENTÁRIA'!G376:G430,C25,'PLANILHA ORÇAMENTÁRIA'!K376:K430)*(1+'PLANILHA ORÇAMENTÁRIA'!$K$493) -> 38135.027
A26: 10 | B26: =IFERROR(VLOOKUP(A26,Tabela6[[ITEM]:[ESCOPO - DESCRITIVO]],2,0),"") -> MARMORARIA | C26: ETAPA ÚNICA | F26: =IF(AND($D26<=F$13,$E26>=F$13),"x","") | G26: =IF(AND($D26<=G$13,$E26>=G$13),"x","") | H26: =IF(AND($D26<=H$13,$E26>=H$13),"x","") | I26: =IF(AND($D26<=I$13,$E26>=I$13),"x","") | J26: =IF(AND($D26<=J$13,$E26>=J$13),"x","") | K26: =IF(AND($D26<=K$13,$E26>=K$13),"x","") | L26: =IF(AND($D26<=L$13,$E26>=L$13),"x","") | M26: =IF(AND($D26<=M$13,$E26>=M$13),"x","") | ... O26: =IF(AND($D26<=O$13,$E26>=O$13),"x","") | P26: {=IFERROR(_xlfn.IFS(O26="X",$O$13,N26="X",$N$13,M26="X",$M$13,L26="X",$L$13,K26="X",$K$13,J26="X",$J$13,I26="X",$I$13,H26="X",$H$13,G26="X",$G$13,F26="X",$F$13),"")} | Q26: =SUMIF('PLANILHA ORÇAMENTÁRIA'!G433:G445,C26,'PLANILHA ORÇAMENTÁRIA'!K433:K445)*(1+'PLANILHA ORÇAMENTÁRIA'!$K$493) -> 0
A27: 11 | B27: =IFERROR(VLOOKUP(A27,Tabela6[[ITEM]:[ESCOPO - DESCRITIVO]],2,0),"") -> SISTEMA DE PROTEÇÃO E COMBATE A INCÊNDIO | C27: ETAPA 1 | D27: 5 | E27: 6 | F27: =IF(AND($D27<=F$13,$E27>=F$13),"x","") | G27: =IF(AND($D27<=G$13,$E27>=G$13),"x","") | H27: =IF(AND($D27<=H$13,$E27>=H$13),"x","") | I27: =IF(AND($D27<=I$13,$E27>=I$13),"x","") | J27: =IF(AND($D27<=J$13,$E27>=J$13),"x","") -> x | K27: =IF(AND($D27<=K$13,$E27>=K$13),"x","") -> x | L27: =IF(AND($D27<=L$13,$E27>=L$13),"x","") | M27: =IF(AND($D27<=M$13,$E27>=M$13),"x","") | ... O27: =IF(AND($D27<=O$13,$E27>=O$13),"x","") | P27: {=IFERROR(_xlfn.IFS(O27="X",$O$13,N27="X",$N$13,M27="X",$M$13,L27="X",$L$13,K27="X",$K$13,J27="X",$J$13,I27="X",$I$13,H27="X",$H$13,G27="X",$G$13,F27="X",$F$13),"")} -> 6 | Q27: =SUMIF('PLANILHA ORÇAMENTÁRIA'!G448:G459,C27,'PLANILHA ORÇAMENTÁRIA'!K448:K459)*(1+'PLANILHA ORÇAMENTÁRIA'!$K$493) -> 70308.683
C28: ETAPA 2 | D28: 7 | E28: 7 | F28: =IF(AND($D28<=F$13,$E28>=F$13),"x","") | G28: =IF(AND($D28<=G$13,$E28>=G$13),"x","") | H28: =IF(AND($D28<=H$13,$E28>=H$13),"x","") | I28: =IF(AND($D28<=I$13,$E28>=I$13),"x","") | J28: =IF(AND($D28<=J$13,$E28>=J$13),"x","") | K28: =IF(AND($D28<=K$13,$E28>=K$13),"x","") | L28: =IF(AND($D28<=L$13,$E28>=L$13),"x","") -> x | M28: =IF(AND($D28<=M$13,$E28>=M$13),"x","") | ... O28: =IF(AND($D28<=O$13,$E28>=O$13),"x","") | P28: {=IFERROR(_xlfn.IFS(O28="X",$O$13,N28="X",$N$13,M28="X",$M$13,L28="X",$L$13,K28="X",$K$13,J28="X",$J$13,I28="X",$I$13,H28="X",$H$13,G28="X",$G$13,F28="X",$F$13),"")} -> 7 | Q28: =SUMIF('PLANILHA ORÇAMENTÁRIA'!G449:G467,C28,'PLANILHA ORÇAMENTÁRIA'!K449:K467)*(1+'PLANILHA ORÇAMENTÁRIA'!$K$493) -> 52048.844
A29: 12 | B29: =IFERROR(VLOOKUP(A29,Tabela6[[ITEM]:[ESCOPO - DESCRITIVO]],2,0),"") -> MARCENARIA E SERRALHERIA | C29: ETAPA ÚNICA | D29: 7 | E29: 7 | F29: =IF(AND($D29<=F$13,$E29>=F$13),"x","") | G29: =IF(AND($D29<=G$13,$E29>=G$13),"x","") | H29: =IF(AND($D29<=H$13,$E29>=H$13),"x","") | I29: =IF(AND($D29<=I$13,$E29>=I$13),"x","") | J29: =IF(AND($D29<=J$13,$E29>=J$13),"x","") | K29: =IF(AND($D29<=K$13,$E29>=K$13),"x","") | L29: =IF(AND($D29<=L$13,$E29>=L$13),"x","") -> x | M29: =IF(AND($D29<=M$13,$E29>=M$13),"x","") | ... O29: =IF(AND($D29<=O$13,$E29>=O$13),"x","") | P29: {=IFERROR(_xlfn.IFS(O29="X",$O$13,N29="X",$N$13,M29="X",$M$13,L29="X",$L$13,K29="X",$K$13,J29="X",$J$13,I29="X",$I$13,H29="X",$H$13,G29="X",$G$13,F29="X",$F$13),"")} -> 7 | Q29: =SUMIF('PLANILHA ORÇAMENTÁRIA'!G460:G488,C29,'PLANILHA ORÇAMENTÁRIA'!K460:K488)*(1+'PLANILHA ORÇAMENTÁRIA'!$K$493) -> 48536.185
A30: 13 | B30: =IFERROR(VLOOKUP(A30,Tabela6[[ITEM]:[ESCOPO - DESCRITIVO]],2,0),"") -> OMISSOS | C30: ETAPA ÚNICA | D30: 1 | E30: 7 | F30: =IF(AND($D30<=F$13,$E30>=F$13),"x","") -> x | G30: =IF(AND($D30<=G$13,$E30>=G$13),"x","") -> x | H30: =IF(AND($D30<=H$13,$E30>=H$13),"x","") -> x | I30: =IF(AND($D30<=I$13,$E30>=I$13),"x","") -> x | J30: =IF(AND($D30<=J$13,$E30>=J$13),"x","") -> x | K30: =IF(AND($D30<=K$13,$E30>=K$13),"x","") -> x | L30: =IF(AND($D30<=L$13,$E30>=L$13),"x","") -> x | M30: =IF(AND($D30<=M$13,$E30>=M$13),"x","") | ... O30: =IF(AND($D30<=O$13,$E30>=O$13),"x","") | P30: {=IFERROR(_xlfn.IFS(O30="X",$O$13,N30="X",$N$13,M30="X",$M$13,L30="X",$L$13,K30="X",$K$13,J30="X",$J$13,I30="X",$I$13,H30="X",$H$13,G30="X",$G$13,F30="X",$F$13),"")} -> 7 | Q30: =SUMIF('PLANILHA ORÇAMENTÁRIA'!G470:G487,C30,'PLANILHA ORÇAMENTÁRIA'!K470:K487)*(1+'PLANILHA ORÇAMENTÁRIA'!$K$493) -> 0
A31: 14 | B31: =IFERROR(VLOOKUP(A31,Tabela6[[ITEM]:[ESCOPO - DESCRITIVO]],2,0),"") -> LIMPEZA FINAL DE OBRA | C31: ETAPA ÚNICA | D31: 7 | E31: 7 | F31: =IF(AND($D31<=F$13,$E31>=F$13),"x","") | G31: =IF(AND($D31<=G$13,$E31>=G$13),"x","") | H31: =IF(AND($D31<=H$13,$E31>=H$13),"x","") | I31: =IF(AND($D31<=I$13,$E31>=I$13),"x","") | J31: =IF(AND($D31<=J$13,$E31>=J$13),"x","") | K31: =IF(AND($D31<=K$13,$E31>=K$13),"x","") | L31: =IF(AND($D31<=L$13,$E31>=L$13),"x","") -> x | M31: =IF(AND($D31<=M$13,$E31>=M$13),"x","") | ... O31: =IF(AND($D31<=O$13,$E31>=O$13),"x","") | P31: {=IFERROR(_xlfn.IFS(O31="X",$O$13,N31="X",$N$13,M31="X",$M$13,L31="X",$L$13,K31="X",$K$13,J31="X",$J$13,I31="X",$I$13,H31="X",$H$13,G31="X",$G$13,F31="X",$F$13),"")} -> 7 | Q31: =SUMIF('PLANILHA ORÇAMENTÁRIA'!G488:G490,C31,'PLANILHA ORÇAMENTÁRIA'!K488:K490)*(1+'PLANILHA ORÇAMENTÁRIA'!$K$493) -> 12560.595
A34: CRONOGRAMA DE PAGAMENTOS
A35: QUINZENA DE MEDIÇÃO | B35: VALOR A PAGAR | C35: PRAZO DE PAGAMENTO
A36: 1 | B36: =(IF($P$14=A36,$Q$14,0)+SUMIF($P$16:$P$31,A36,$Q$16:$Q$31))*0.9 -> 0 | C36: ="QUINZENA "&A37 -> QUINZENA 2
A37: 2 | B37: =(IF($P$14=A37,$Q$14,0)+SUMIF($P$16:$P$31,A37,$Q$16:$Q$31))*0.9 -> 356968.04 | C37: ="QUINZENA "&A38 -> QUINZENA 3
A38: 3 | B38: =(IF($P$14=A38,$Q$14,0)+SUMIF($P$16:$P$31,A38,$Q$16:$Q$31)+($Q$15/($E$15-$D$15+1)))*0.9 -> 149844.05 | C38: ="QUINZENA "&A39 -> QUINZENA 4
A39: 4 | B39: =(IF($P$14=A39,$Q$14,0)+SUMIF($P$16:$P$31,A39,$Q$16:$Q$31)+($Q$15/($E$15-$D$15+1)))*0.9 -> 144575.39 | C39: ="QUINZENA "&A40 -> QUINZENA 5
A40: 5 | B40: =(IF($P$14=A40,$Q$14,0)+SUMIF($P$16:$P$31,A40,$Q$16:$Q$31)+($Q$15/($E$15-$D$15+1)))*0.9 -> 45521.448 | C40: ="QUINZENA "&A41 -> QUINZENA 6
A41: 6 | B41: =(IF($P$14=A41,$Q$14,0)+SUMIF($P$16:$P$31,A41,$Q$16:$Q$31)+($Q$15/($E$15-$D$15+1)))*0.9 -> 1136239.9 | C41: ="QUINZENA "&A42 -> QUINZENA 7
A42: 7 | B42: =(IF($P$14=A42,$Q$14,0)+SUMIF($P$16:$P$31,A42,$Q$16:$Q$31)+($Q$15/($E$15-$D$15+1)))*0.9 -> 912317.47 | C42: ="QUINZENA "&A42+1 -> QUINZENA 8
A43: RECEBIMENTO PROVISÓRIO (5%) | B43: =SUM(Q14:Q31)*0.05 -> 152525.91 | C43: 15 DIAS APÓS RECEBIMENTO PROVISÓRIO
A44: RECEBIMENTO DEFINITIVO (5%) | B44: =SUM(Q14:Q31)*0.05 -> 152525.91 | C44: 15 DIAS APÓS RECEBIMENTO DEFINITIVO
B46: =IF(SUM(B36:B44)<>(SUM(Q14:Q31)),"VERIFICAR VALORES","")

Sheet AUXILIAR
B1: ESCOLA SEBRAE DE NEGÓCIOS | D1: AV. MARECHAL CÂMARA, 171 - 2º ANDAR - CENTRO
B6: ETAPA
B7: ETAPA ÚNICA
B8: ETAPA 1
B9: ETAPA 2
